PAA
ATHLETIC CLUB KC ACADEMY @ CASPER GHOSTS
07/02/2025
 
TOP OF THE 1ST
Athletic Club KC Academy batting - Pitching for Casper Ghosts : RHP Valentín Robles
Pitching: RHP Valentín Robles
Batting: RHB Filip Huigen 0-0: Ball
1-0: Ball
2-0: Ball
3-0: Called Strike
3-1: Base on Balls
Batting: SHB Sang-your Yu 0-0: Called Strike
0-1: Ball
1-1: Ball
2-1: Fly out, F6 (Flyball, 56D)
Batting: LHB Manuel Domínguez 0-0: Ball
Throwing error on steal attempt, E2
Filip Huigen to third
1-0: Called Strike
1-1: Foul Ball, location: 2F
1-2: Ball
2-2: Ground out 4-3 (Groundball, 4)
Filip Huigen scores
Batting: LHB Tony García 0-0: Ball
1-0: Fly out, F4 (Popup, 34)
Top of the 1st over - 1 run(s), 0 hit(s), 1 error(s), 0 left on base; Athletic Club KC Academy 1 - Casper 0
BOTTOM OF THE 1ST
Casper Ghosts batting - Pitching for Athletic Club KC Academy : LHP Ash Ibarra
Pitching: LHP Ash Ibarra
Batting: LHB Kyle Mann 0-0: Called Strike
0-1: Ball
1-1: Called Strike
1-2: Strikes out looking
Batting: RHB Félix Ramos 0-0: Ball
1-0: Called Strike
1-1: Ball
2-1: Called Strike
2-2: Ball
3-2: Base on Balls
Batting: RHB Ricardo Cardenas 0-0: Called Strike
0-1: Fly out, F7 (Flyball, 7)
Batting: RHB Ron Coffman 0-0: Called Strike
0-1: Ball
1-1: Foul Ball, location: 2F
1-2: Foul Ball, location: 2F
1-2: Ball
2-2: DOUBLE (Groundball, 5L)
Félix Ramos to third
Runner from 3rd tries for Home, SAFE, no throw
Batting: SHB Erjan Kerstens 0-0: Ball
1-0: Ball
2-0: Called Strike
2-1: Ball
3-1: Ground out 5-3 (Groundball, 5L)
Bottom of the 1st over - 1 run(s), 1 hit(s), 0 error(s), 1 left on base; Athletic Club KC Academy 1 - Casper 1
TOP OF THE 2ND
Athletic Club KC Academy batting - Pitching for Casper Ghosts : RHP Valentín Robles
Batting: LHB Michael Landry 0-0: Ball
1-0: Foul Ball, location: 2F
1-1: Called Strike
1-2: Foul Ball, location: 2F
1-2: Ball
2-2: Ball
3-2: Base on Balls
Batting: RHB Iván Chacón 0-0: Ball
1-0: Ball
2-0: Called Strike
2-1: SINGLE (Flyball, 8RS)
Michael Landry to second
Batting: LHB Enrique Miranda 0-0: Ball
1-0: Called Strike
1-1: Ball
2-1: Ball
3-1: Called Strike
3-2: Base on Balls
Michael Landry to third
Iván Chacón to second
Batting: RHB José Flores 0-0: Called Strike
0-1: SINGLE (Flyball, 9LS)
Michael Landry scores
Iván Chacón to third
Enrique Miranda to second
Runner from 3rd tries for Home, throw and OUT!
Batting: RHB Felipe Pabalate 0-0: Ball
1-0: Foul Ball, location: 2F
1-1: Called Strike
1-2: Fly out, F3 (Popup, 3L)
Batting: RHB Filip Huigen 0-0: Called Strike
0-1: Ball
1-1: Ball
2-1: Called Strike
2-2: SINGLE (Line Drive, 34D)
Enrique Miranda to third
José Flores to second
Runner from 3rd tries for Home, SAFE, no throw
Batting: SHB Sang-your Yu 0-0: Ball
1-0: Foul Ball, location: 2F
1-1: Ball
2-1: Fly out, F5 (Line Drive, 56)
Top of the 2nd over - 2 run(s), 3 hit(s), 0 error(s), 2 left on base; Athletic Club KC Academy 3 - Casper 1
BOTTOM OF THE 2ND
Casper Ghosts batting - Pitching for Athletic Club KC Academy : LHP Ash Ibarra
Batting: RHB Anbrosio Oppenes 0-0: Ball
1-0: Ball
2-0: Swinging Strike
2-1: Called Strike
2-2: Strikes out swinging
Batting: RHB Juan Carlos Cruz 0-0: Ball
1-0: Fly out, F6 (Popup, 56D)
Batting: RHB Roberto De La Cruz 0-0: Called Strike
0-1: Foul Ball, location: 2F
0-2: Strikes out looking
Bottom of the 2nd over - 0 run(s), 0 hit(s), 0 error(s), 0 left on base; Athletic Club KC Academy 3 - Casper 1
TOP OF THE 3RD
Athletic Club KC Academy batting - Pitching for Casper Ghosts : RHP Valentín Robles
Batting: LHB Manuel Domínguez 0-0: Foul Ball, location: 2F
0-1: Ball
1-1: Ball
2-1: Ball
3-1: Swinging Strike
3-2: Ground out 5-3 (Groundball, 56S)
Batting: LHB Tony García 0-0: Ball
1-0: Ball
2-0: Ball
3-0: Called Strike
3-1: Foul Ball, location: 2F
3-2: Ground out 4-3 (Groundball, 4)
Batting: LHB Michael Landry 0-0: Ball
1-0: Ball
2-0: Foul Ball, location: 2F
2-1: Called Strike
2-2: Ground out 2-3 (Groundball, 2L)
Top of the 3rd over - 0 run(s), 0 hit(s), 0 error(s), 0 left on base; Athletic Club KC Academy 3 - Casper 1
BOTTOM OF THE 3RD
Casper Ghosts batting - Pitching for Athletic Club KC Academy : LHP Ash Ibarra
Batting: SHB Alonso Rodríguez 0-0: Ball
1-0: Called Strike
1-1: Foul Ball, location: 2F
1-2: Strikes out swinging
Batting: LHB Kyle Mann 0-0: Ground out 1-3 (Groundball, 13)
Batting: RHB Félix Ramos 0-0: Foul Ball, location: 2F
0-1: Ground out 6-3 (Groundball, 56)
Bottom of the 3rd over - 0 run(s), 0 hit(s), 0 error(s), 0 left on base; Athletic Club KC Academy 3 - Casper 1
TOP OF THE 4TH
Athletic Club KC Academy batting - Pitching for Casper Ghosts : RHP Valentín Robles
Batting: RHB Iván Chacón 0-0: Called Strike
0-1: Swinging Strike
0-2: Ball
1-2: Ball
2-2: Foul Ball, location: 2F
2-2: Strikes out swinging
Batting: LHB Enrique Miranda 0-0: Foul Ball, location: 2F
0-1: Foul Ball, location: 2F
0-2: Ground out 4-3 (Groundball, 4)
Batting: RHB José Flores 0-0: Called Strike
0-1: Ball
1-1: Ball
2-1: Fly out, F9 (Flyball, 9S)
Top of the 4th over - 0 run(s), 0 hit(s), 0 error(s), 0 left on base; Athletic Club KC Academy 3 - Casper 1
BOTTOM OF THE 4TH
Casper Ghosts batting - Pitching for Athletic Club KC Academy : LHP Ash Ibarra
Batting: RHB Ricardo Cardenas 0-0: Foul Ball, location: 2F
0-1: Ground out 4-3 (Groundball, 4)
Batting: RHB Ron Coffman 0-0: Ball
1-0: Called Strike
1-1: Swinging Strike
1-2: Ball
2-2: Ball
3-2: Base on Balls
Batting: SHB Erjan Kerstens 0-0: Swinging Strike
0-1: Ball
1-1: Ball
2-1: Swinging Strike
2-2: DOUBLE (Line Drive, 7LM)
Ron Coffman to third
Batting: RHB Anbrosio Oppenes 0-0: Called Strike
0-1: Foul Ball, location: 2F
0-2: Ball
1-2: Fly out, F9 (Flyball, 9LSF)
Runner from 3rd tags up, SCORES, no throw
Batting: RHB Juan Carlos Cruz 0-0: Ball
1-0: Called Strike
1-1: Ball
2-1: Ball
3-1: Base on Balls
Batting: RHB Roberto De La Cruz 0-0: Ball
1-0: Foul Ball, location: 2F
1-1: Foul Ball, location: 2F
1-2: Strikes out swinging
Bottom of the 4th over - 1 run(s), 1 hit(s), 0 error(s), 2 left on base; Athletic Club KC Academy 3 - Casper 2
TOP OF THE 5TH
Athletic Club KC Academy batting - Pitching for Casper Ghosts : RHP Valentín Robles
Batting: RHB Felipe Pabalate 0-0: Ball
1-0: SINGLE (Groundball, 4D)
Batting: RHB Filip Huigen 0-0: Bunted foul
0-1: Bunted foul
0-2: Ball
1-2: Strikes out looking
Batting: SHB Sang-your Yu 0-0: Ball
1-0: Swinging Strike
1-1: Called Strike
1-2: Fly out, F7 (Flyball, 78M)
Batting: LHB Manuel Domínguez 0-0: Foul Ball, location: 2F
0-1: Ball
1-1: Ball
2-1: Foul Ball, location: 2F
2-2: Ball
3-2: Foul Ball, location: 2F
3-2: Base on Balls
Felipe Pabalate to second
Batting: LHB Tony García 0-0: Fly out, F8 (Flyball, 8RM)
Top of the 5th over - 0 run(s), 1 hit(s), 0 error(s), 2 left on base; Athletic Club KC Academy 3 - Casper 2
BOTTOM OF THE 5TH
Casper Ghosts batting - Pitching for Athletic Club KC Academy : LHP Ash Ibarra
Batting: SHB Alonso Rodríguez 0-0: Ball
1-0: Ground out 6-3 (Groundball, 6MD)
Batting: LHB Kyle Mann 0-0: Called Strike
0-1: Ball
1-1: Ball
2-1: Ground out 3-1 (Groundball, 34)
Batting: RHB Félix Ramos 0-0: Foul Ball, location: 2F
0-1: Foul Ball, location: 2F
0-2: Foul Ball, location: 2F
0-2: Ball
1-2: Ground out 6-3 (Groundball, 6)
Bottom of the 5th over - 0 run(s), 0 hit(s), 0 error(s), 0 left on base; Athletic Club KC Academy 3 - Casper 2
TOP OF THE 6TH
Athletic Club KC Academy batting - Pitching for Casper Ghosts : RHP Valentín Robles
Batting: LHB Michael Landry 0-0: Ball
1-0: Swinging Strike
1-1: Foul Ball, location: 2F
1-2: Ball
2-2: Foul Ball, location: 2F
2-2: Strikes out swinging
Batting: RHB Iván Chacón 0-0: Ball
1-0: Foul Ball, location: 2F
1-1: Ball
2-1: Foul Ball, location: 2F
2-2: Fly out, F8 (Line Drive, 8LM)
Batting: LHB Enrique Miranda 0-0: Swinging Strike
0-1: Swinging Strike
0-2: Ball
1-2: Fly out, F4 (Popup, 4)
Top of the 6th over - 0 run(s), 0 hit(s), 0 error(s), 0 left on base; Athletic Club KC Academy 3 - Casper 2
BOTTOM OF THE 6TH
Casper Ghosts batting - Pitching for Athletic Club KC Academy : LHP Ash Ibarra
Batting: RHB Ricardo Cardenas 0-0: Ball
1-0: Ball
2-0: Called Strike
2-1: Foul Ball, location: 2F
2-2: SINGLE (Line Drive, 56)
Batting: RHB Ron Coffman 0-0: DOUBLE (Flyball, 9D)
Ricardo Cardenas to third
Batting: SHB Erjan Kerstens 0-0: Called Strike
0-1: Foul Ball, location: 2F
0-2: Ball
1-2: Fly out, F8 (Flyball, 8RD)
Runner from 3rd tags up, SCORES, no throw
Pitching: RHP Dempster Kelly
Batting: RHB Anbrosio Oppenes 0-0: Ball
1-0: Foul Ball, location: 2F
1-1: Called Strike
1-2: Strikes out swinging
Batting: RHB Juan Carlos Cruz 0-0: Ball
1-0: Ball
2-0: Foul Ball, location: 2F
2-1: Foul Ball, location: 2F
2-2: Fly out, F7 (Flyball, 78M)
Bottom of the 6th over - 1 run(s), 2 hit(s), 0 error(s), 1 left on base; Athletic Club KC Academy 3 - Casper 3
TOP OF THE 7TH
Athletic Club KC Academy batting - Pitching for Casper Ghosts : RHP Valentín Robles
Batting: RHB José Flores 0-0: Ball
1-0: Ball
2-0: Foul Ball, location: 2F
2-1: Foul Ball, location: 2F
2-2: Ball
3-2: Base on Balls
Pitching: RHP Ethan Martin
Batting: RHB Felipe Pabalate 0-0: Sac Bunt - play at first, batter OUT! 1-4
José Flores to second
Pinch Hitting: SHB Jim Unknown 0-0: Swinging Strike
0-1: Swinging Strike
0-2: Foul Ball, location: 2F
0-2: Ball
1-2: Foul Ball, location: 2F
1-2: Ball
2-2: Fly out, F6 (Popup, 56D)
Batting: SHB Sang-your Yu 0-0: Foul Ball, location: 2F
0-1: Ball
1-1: Ball
2-1: Ball
3-1: Foul Ball, location: 2F
3-2: Base on Balls
Batting: LHB Manuel Domínguez 0-0: Called Strike
0-1: Called Strike
0-2: Ball
1-2: Ball
2-2: Ball
3-2: SINGLE (Groundball, 4MD)
José Flores to third
Sang-your Yu to second
José Flores scores
Sang-your Yu to third
Batting: LHB Tony García 0-0: Called Strike
0-1: Ball
1-1: Swinging Strike
1-2: Foul Ball, location: 2F
1-2: Ball
2-2: Foul Ball, location: 2F
2-2: Ball
3-2: Foul Ball, location: 2F
3-2: Foul Ball, location: 2F
3-2: Base on Balls
Manuel Domínguez to second
Batting: LHB Michael Landry 0-0: Called Strike
0-1: Ball
1-1: Ball
2-1: Foul Ball, location: 2F
2-2: Foul Ball, location: 2F
2-2: Ball
3-2: Foul Ball, location: 2F
3-2: Foul Ball, location: 2F
3-2: SINGLE (Line Drive, 89M)
Sang-your Yu scores
Manuel Domínguez to third
Tony García to second
Manuel Domínguez scores
Tony García to third
Batting: RHB Iván Chacón 0-0: Swinging Strike
0-1: Fly out, F9 (Flyball, 9LM)
Top of the 7th over - 3 run(s), 2 hit(s), 0 error(s), 2 left on base; Athletic Club KC Academy 6 - Casper 3
BOTTOM OF THE 7TH
Casper Ghosts batting - Pitching for Athletic Club KC Academy : RHP Dempster Kelly
Now at SS: Jim Unknown
Batting: RHB Roberto De La Cruz 0-0: Ball
1-0: Ball
2-0: Called Strike
2-1: Ball
3-1: Foul Ball, location: 2F
3-2: Strikes out looking
Batting: SHB Alonso Rodríguez 0-0: Ball
1-0: Ball
2-0: Ball
3-0: Called Strike
3-1: Base on Balls
Batting: LHB Kyle Mann 0-0: Called Strike
0-1: Ball
1-1: Swinging Strike
1-2: Foul Ball, location: 2F
1-2: Ball
2-2: DOUBLE (Line Drive, 78D)
Alonso Rodríguez to third
Batting: RHB Félix Ramos 0-0: Foul Ball, location: 2F
0-1: Ball
1-1: Called Strike
1-2: SINGLE (Line Drive, 6MD)
Alonso Rodríguez scores
Kyle Mann to third
Pinch Hitting: RHB Freddy Carea 0-0: Called Strike
0-1: Foul Ball, location: 2F
0-2: Ball
1-2: Foul Ball, location: 2F
1-2: Ground out 5-3 (Groundball, 6S)
Kyle Mann scores
Félix Ramos to second
Batting: RHB Ron Coffman 0-0: Foul Ball, location: 2F
0-1: Foul Ball, location: 2F
0-2: Ball
1-2: Foul Ball, location: 2F
1-2: Ball
2-2: Ball
3-2: Foul Ball, location: 2F
3-2: Foul Ball, location: 2F
3-2: SINGLE (Groundball, 6D)
Félix Ramos to third
Félix Ramos scores
Pitching: LHP Jesús Márquez
Batting: SHB Erjan Kerstens 0-0: Foul Ball, location: 2F
0-1: Foul Ball, location: 2F
0-2: Ball
1-2: SINGLE (Groundball, 4MD)
Ron Coffman to second
Runner from 2nd tries for 3rd, SAFE, throw made to third
Batting: RHB Anbrosio Oppenes 0-0: Called Strike
0-1: Ball
1-1: Ball
2-1: Fly out, F8 (Flyball, 8RS)
Bottom of the 7th over - 3 run(s), 4 hit(s), 0 error(s), 2 left on base; Athletic Club KC Academy 6 - Casper 6
TOP OF THE 8TH
Athletic Club KC Academy batting - Pitching for Casper Ghosts : RHP Ethan Martin
Now at SS: Tim Fowler
Batting: LHB Enrique Miranda 0-0: Fly out, F7 (Flyball, 7LMF)
Batting: RHB José Flores 0-0: Fly out, F8 (Line Drive, 8LM)
Batting: RHB Felipe Pabalate 0-0: Ball
1-0: Ball
2-0: Fly out, F8 (Flyball, 8LM)
Top of the 8th over - 0 run(s), 0 hit(s), 0 error(s), 0 left on base; Athletic Club KC Academy 6 - Casper 6
BOTTOM OF THE 8TH
Casper Ghosts batting - Pitching for Athletic Club KC Academy : LHP Jesús Márquez
Batting: RHB Juan Carlos Cruz 0-0: Ball
1-0: Ball
2-0: Ball
3-0: Called Strike
3-1: Base on Balls
Batting: RHB Roberto De La Cruz 0-0: Bunt - Flyout! F2
Pinch Hitting: RHB Henry Lambright 0-0: Ball
1-0: Ball
2-0: Called Strike
2-1: Ball
3-1: Called Strike
3-2: Base on Balls
Juan Carlos Cruz to second
Batting: LHB Kyle Mann 0-0: Ball
1-0: Ball
2-0: Called Strike
2-1: Called Strike
2-2: Ball
3-2: Fly out, F6 (Popup, 6D)
Batting: RHB Félix Ramos 0-0: Ball
1-0: Ball
2-0: Ball
3-0: Called Strike
3-1: TRIPLE (Line Drive, 9LS)
Juan Carlos Cruz scores
Henry Lambright scores
Pitching: RHP Álex Bane
Batting: SHB Tim Fowler 0-0: Foul Ball, location: 2F
0-1: Ground out 4-3 (Groundball, 4M)
Bottom of the 8th over - 2 run(s), 1 hit(s), 0 error(s), 1 left on base; Athletic Club KC Academy 6 - Casper 8
TOP OF THE 9TH
Athletic Club KC Academy batting - Pitching for Casper Ghosts : RHP Ethan Martin
Pitching: LHP Jim Unknown
Now in LF: Bert Cook
Batting: SHB Jim Unknown 0-0: Called Strike
0-1: DOUBLE (Groundball, 5L)
Batting: SHB Sang-your Yu 0-0: Called Strike
0-1: Foul Ball, location: 2F
0-2: Ball
1-2: Ball
2-2: Ground out 6-3 (Groundball, 6)
Batting: LHB Manuel Domínguez 0-0: Ball
1-0: Ball
2-0: Fly out, F5 (Popup, 5L)
Batting: LHB Tony García 0-0: Ball
1-0: Ball
2-0: Foul Ball, location: 2F
2-1: SINGLE (Flyball, 89S)
Jim Unknown to third
Runner from 3rd tries for Home, SAFE, no throw
Pinch Hitting: RHB Altifício Azor 0-0: Called Strike
0-1: Ball
1-1: Ball
2-1: Swinging Strike
2-2: Strikes out swinging
Top of the 9th over - 1 run(s), 2 hit(s), 0 error(s), 1 left on base; Athletic Club KC Academy 7 - Casper 8
Friday, December 30th, 2016 - OOTP Baseball 17.12 Build 75